 Dungeon Sprint DCSS version 0.28-a0-479-g5baa6b73be (webtiles) character file.

Game seed: 16263144949267751509

77 MikeHunt the Insei (level 4, 0/38 HPs)
             Began as a Demonspawn Chaos Knight on Sept 17, 2021.
             Was a Plaything of Xom.
             Slain by an ufetubus (1 damage)
             ... summoned by Xom
             ... in the Dungeon (Sprint III: "The Ten Rune Challenge").
             The game lasted 00:02:18 (747 turns).

MikeHunt the Insei (Demonspawn Chaos Knight)         Turns: 747, Time: 00:02:19

Health: 0/38       AC:  5    Str: 10 (12) XL:     4   Next: 14%
Magic:  4/4        EV: 12    Int: 12 (13) God:    Xom [.*....]
Gold:   15         SH:  0    Dex: 12 (14) Spells: 3/3 levels left

rFire   . . .      SeeInvis .     - Unarmed
rCold   + . .      Faith    .   (no shield)
rNeg    . . .      Spirit   .   a - +2 leather armour
rPois   .          Reflect  .   (helmet restricted)
rElec   .          Harm     .   (no cloak)
rCorr   .          Rampage  .   (no gloves)
Will    +....      NoTele   +   (no boots)
Stlth   +.........              (no amulet)
HPRegen 0.12/turn               i - ring of willpower
MPRegen 0.09/turn               (no ring)

@: hasted, very quick
A: horns 1, powered by pain 2, hooves 1, cold resistance 1, noise suppression
a: Renounce Religion


You were in the Dungeon.
You worshipped Xom.
You were a plaything of Xom.
You visited 1 branch You collected 15 gold pieces.

Inventory:

Missiles
 h - 27 stones (quivered)
Armour
 a - a +2 leather armour (worn)
Jewellery
 i - a ring of willpower (left hand)
Potions
 b - 2 potions of mutation
 e - 2 potions of magic
 k - 4 potions of flight


   Skills:
 + Level 4.5 Fighting
 - Level 1.7 Armour
 + Level 3.0 Dodging
 + Level 6.5 Unarmed Combat


You had 3 spell levels left.
You didn't know any spells.
Your spell library was empty.

Dungeon Overview and Level Annotations

Branches:
Dungeon (1/1)

Altars:


Innate Abilities, Weirdness & Mutations

You have a pair of small horns on your head.
You sometimes gain power by taking damage.
You have large cloven feet.
Your flesh is cold resistant. (rC+)
You passively dampen the noise of your surroundings.


Message History

Xom makes a sudden noise!
You hear a grinding noise. "Let's see if it's strong enough to survive yet."
Okay, then.
Unknown command.
The quasit barely misses you.
The quasit claws you but does no damage.
The quasit claws you.
* * * LOW HITPOINT WARNING * * *
Unknown command.
Unknown command.
Blink to where?
Press: ? - help, Dir - move target
As you read the scroll of blinking, it crumbles to dust.
The ufetubus closely misses you. The ufetubus barely misses you.
You feel yourself speed up.
The quasit bites you but does no damage.
The quasit closely misses you.
The quasit claws you but does no damage.
The quasit bites you but does no damage.
The quasit closely misses you. The quasit barely misses you.
The ufetubus barely misses you. x2
There is an open door to the Ecumenical Temple here.
As you close the door, it creaks loudly!
You start resting.
A quasit opens the door.
There is a fountain of clear blue water here. "Let's see if it's strong enough to survive yet."
The ufetubus closely misses you. x2
It was a potion of degeneration.
There was something very wrong with that liquid.
You feel weakened.
You feel dopey.
You feel clumsy. The ufetubus hits you.
* * * LOW HITPOINT WARNING * * *
The ufetubus barely misses you.
You hit the ufetubus.
The ufetubus is severely wounded.
The ufetubus hits you but does no damage.
The ufetubus hits you.
You die... "I guess I need a new plaything now."

▓▓▓ ##.# ####..#
#..#..#
#..#..###+#+###+##
##'#..#......5...#
###...E.⌠..5.5.5@#
###...#...######+#
##....#.⌠.#
#..E..#...#
......#+###
#.....# ##....#
▓▓▓▓▓▓


You could see a quasit (summoned) and 3 ufetubi.

Vanquished Creatures
  A scorpion (D)
  A human (D)
  2 endoplasms (D)
  2 rats (D)
6 creatures vanquished.

Notes
Turn   | Place    | Note
-------+----------+-------------------------------------------
     0 | D        | MikeHunt the Demonspawn Chaos Knight began the quest for
                  | the Orb.
     0 | D        | Reached XP level 1. HP: 18/18 MP: 1/1
    13 | D        | Reached skill level 3 in Unarmed Combat
   113 | D        | Reached skill level 4 in Unarmed Combat
   146 | D        | Reached skill level 5 in Unarmed Combat
   146 | D        | Gained mutation: You have a pair of small horns on your
                  | head. [demonic ancestry]
   146 | D        | Reached XP level 2. HP: 17/24 MP: 2/2
   292 | D        | Noticed a scorpion
   303 | D        | XOM: smoke on damage
   308 | D        | Killed a scorpion
   309 | D        | Reached skill level 6 in Unarmed Combat
   309 | D        | Gained mutation: You sometimes gain a little power by
                  | taking damage. [demonic ancestry]
   309 | D        | Reached XP level 3. HP: 15/31 MP: 3/3
   309 | D        | Gained mutation: You sometimes gain power by taking damage.
                  | [demonic ancestry]
   309 | D        | Reached XP level 4. HP: 19/38 MP: 4/4
   705 | D        | Gained mutation: You passively dampen the noise of your
                  | surroundings. [potion of mutation]
   705 | D        | Gained mutation: Your flesh is cold resistant. (rC+)
                  | [potion of mutation]
   705 | D        | Gained mutation: You have large cloven feet. [potion of
                  | mutation]
   707 | D        | Noticed a water elemental
   719 | D        | XOM: cast spell 'Summon Small Mammal'
   721 | D        | XOM: swap monsters
   722 | D        | XOM: noise
   723 | D        | XOM: summons 3 hostile demons
   739 | D        | XOM: summons 1 hostile demon
   746 | D        | HP: 1/38 [ufetubus[Xom] (4)]
   747 | D        | Slain by an ufetubus

Illustrated notes

Levels and vault maps discovered:
D:        dungeon_sprint_mu [sprint_mu_entry_cave, sprint_mu_temple_rooms,
          sprint_mu_d1_horrors, sprint_mu_d2_genie, sprint_mu_d3_branching,
          sprint_mu_orc_legion, sprint_mu_elf_gauntlet, sprint_mu_hive_nellie,
          sprint_mu_lair_fedhas, sprint_mu_vaults_butterflies,
          sprint_mu_slime_circle, sprint_mu_swamp_cave, sprint_mu_snake_twists,
          sprint_mu_blade_basic, sprint_mu_crypt_lich, sprint_mu_tomb_spiral,
          sprint_mu_vestibule_basic, sprint_mu_gehenna_hellfire,
          sprint_mu_dis_giant, sprint_mu_tartarus_statrot,
          sprint_mu_cocytus_islands, sprint_mu_zot1]

Skill      XL: |  1  2 |
---------------+-------+-----
Unarmed Combat | 5 6 |  6.5
Fighting       | 4 |  4.5
Dodging        | 3 |  3.0
Armour         | |  1.7

Action                   |  1- 3 |  4- 6 || total
-------------------------+-------+-------++-------
Melee: Unarmed           |    37 |     3 ||    40
       Headbutt          |     2 |       ||     2
       Kick              |       |     1 ||     1
Throw: Stone             |     5 |       ||     5
  Use: Potion            |     3 |     3 ||     6
       Scroll            |       |     5 ||     5
 Stab: Sleeping          |     1 |       ||     1
Armor: Leather armour    |     8 |     5 ||    13
Dodge: Dodged            |     8 |    11 ||    19

Table legend: (Time is in decaauts)
 A = Elapsed time spent in this place.
 B = Non-inter-level travel time spent in this place.
 C = Inter-level travel time spent in this place.
 D = Time resting spent in this place.
 E = Time spent auto-exploring this place.
 F = Levels seen in this place.
 G = Mean time per level.
                   A        B        C        D        E       F      G
               +--------+--------+--------+--------+--------+-----+--------+
         Total |    744 |    744 |      0 |    586 |      0 |   1 |  744.0 |
       Dungeon |    744 |    744 |      0 |    586 |      0 |   1 |  744.0 |
               +--------+--------+--------+--------+--------+-----+--------+

Top non-repeatable levels by time:
       D: 744 daAuts
